 Dungeon Crawl Stone Soup version 0.32-a0-643-ga006e7742e (webtiles) character file.

Game seed: 17906014560204593408

17244 Midn8 the Skirmisher (level 12, -1/95 HPs)
             Began as a Coglin Hunter on Mar 7, 2024.
             Was a High Priest of Zin.
             Slain by a rime drake (4 damage)
             ... on level 1 of the Lair of Beasts.
             The game lasted 00:38:18 (10552 turns).

Midn8 the Skirmisher (Coglin Hunter)               Turns: 10552, Time: 00:38:20

Health: -1/95      AC: 12    Str: 12    XL:     12   Next: 46%
Magic:  17/17      EV: 16    Int:  9    God:    Zin [*****.]
Gold:   558        SH:  0    Dex: 22    Spells: 11/11 levels left

rFire   + . .        a - +2 sling {Balvinder}
rCold   . . .        d - +0 sling {Etelvina}
rNeg    . . .        w - +3 leather armour {rF+}
rPois   .            u - +0 helmet
rElec   .            r - +2 cloak
rCorr   .            q - +0 pair of gloves
SInv    .            m - +0 pair of boots
Will    .....        (amulet unavailable)
Stlth   ++           (ring unavailable)
HPRegen 0.35/turn    (ring unavailable)
MPRegen 0.15/turn    (no gizmo)

%: no passive effects
@: frozen, revved, very slow
A: off-hand wielding, slow wielding, warmup strikes, no jewellery
a: Invent Gizmo, Renounce Religion, Recite, Vitalisation, Imprison, Sanctuary,
Donate Gold


You were on level 1 of the Lair of Beasts.
You worshipped Zin.
Zin was extremely pleased with you.
You visited 3 branches of the dungeon, and saw 12 of its levels.
You visited the Abyss 1 time.

You collected 620 gold pieces.
You donated 62 gold pieces to Zin.

Inventory:

Hand Weapons
 a - a +2 sling (weapon) {Balvinder}
 d - a +0 sling (offhand) {Etelvina}
Armour
 c - a +0 leather armour
 m - a +0 pair of boots (worn)
 q - a +0 pair of gloves (worn)
 r - a +2 cloak (worn)
 u - a +0 helmet (worn)
 v - the +0 leather armour of Sipeall {rN+ Regen+ rCorr}
   (You found it on level 4 of the Dungeon)

   rN+:       It protects you from negative energy.
   Regen+:    It increases your rate of health regeneration.
   rCorr:     It protects you from acid and corrosion.
 w - a +3 leather armour of fire resistance (worn)
Wands
 l - a wand of quicksilver (4)
 p - a wand of flame (13)
 x - a wand of charming (8)
 y - a wand of iceblast (6)
Scrolls
 b - a scroll of butterflies
 e - a scroll of revelation
 g - 2 scrolls of poison {unknown}
 i - 3 scrolls of identify
 j - a scroll of blinking
 o - 5 scrolls of noise
 s - a scroll of enchant weapon {unknown}
 t - a scroll of fear {unknown}
 B - a scroll of fog {unknown}
 D - a scroll of amnesia {unknown}
 E - a scroll of silence {unknown}
Potions
 f - 2 potions of enlightenment
 h - a potion of haste {unknown}
 k - 3 potions of curing
 n - 2 potions of invisibility {unknown}
 z - 2 potions of mutation
 A - a potion of berserk rage
 C - 2 potions of brilliance {unknown}
 F - a potion of resistance {unknown}


   Skills:
 - Level 9.0 Fighting
 + Level 13.7 Ranged Weapons
 - Level 7.0 Dodging
 - Level 0.7 Stealth
 - Level 7.0 Invocations


You had 11 spell levels left.
You didn't know any spells.
Your spell library contained the following spells:

 Spells                   Type           Power      Damage    Failure   Level
 Magic Dart               Conj           0%         1d3       45%         1
 Sting                    Conj/Alch      0%         1d3       45%         1
 Summon Small Mammal      Summ           0%         N/A       45%         1
 Call Imp                 Summ           0%         N/A       61%         2
 Mercury Vapours          Alch/Air       0%         N/A       61%         2
 Searing Ray              Conj           0%         2d4       61%         2
 Sublimation of Blood     Necr           0%         N/A       61%         2
 Call Canine Familiar     Summ           0%         N/A       83%         3
 Dazzling Flash           Conj/Hex       0%         N/A       83%         3
 Inner Flame              Hex/Fire       0%         N/A       83%         3
 Mephitic Cloud           Conj/Alch/Air  0%         N/A       83%         3
 Flame Wave               Conj/Fire      0%         2d4       99%         4
 Fulminant Prism          Conj/Alch      0%         3d5       99%         4
 Olgreb's Toxic Radiance  Alch           0%         N/A       99%         4
 Passage of Golubria      Tloc           0%         N/A       99%         4
 Sticky Flame             Fire/Alch      0%         2d4       99%         4
 Summon Blazeheart Golem  Fire/Summ      0%         N/A       99%         4
 Curse of Agony           Necr           0%         N/A       100%        5
 Freezing Cloud           Conj/Ice/Air   0%         6-21      100%        5
 Silence                  Hex/Air        0%         N/A       100%        5
 Summon Hydra             Summ           0%         N/A       100%        7
 Lehudib's Crystal Spear  Conj/Erth      0%         10d2      100%        8


Dungeon Overview and Level Annotations

Branches:
Dungeon (10/15)            Temple (1/1) D:7            Lair (1/5) D:8
    Orc (0/2) D:10

Altars:
Ashenzari
Cheibriados
Dithmenos
Elyvilon
Fedhas
Gozag
Hepliaklqana
Kikubaaqudgha
Makhleb
Nemelex Xobeh
Okawaru
Qazlal
Ru
Sif Muna
Trog
Uskayaw
Vehumet
Wu Jian
Xom
Yredelemnul
Zin
The Shining One

Shops:
D:2 *

Annotations:
D:8 Erica
D:10 1 runed translucent door, abessonov's ghost, journeyman SpSh


Innate Abilities, Weirdness & Mutations

You can wield a second weapon in your off-hand.
It takes a long time for you to wield or remove held weapons.
Your first few attacks do less damage.
You cannot equip rings or amulets.


Message History

You shoot a sling bullet.
The sling bullet hits the polar bear but does no damage.
The polar bear is severely wounded.
You shoot a sling bullet. The sling bullet hits the polar bear.
The polar bear is almost dead.
The polar bear bites you!! The polar bear claws you.
The polar bear barely misses you. The rime drake breathes ice at you.
The icy flash freeze hits you!!
You are encased in ice.
You shoot a sling bullet.
The sling bullet barely misses the polar bear.
You shoot a sling bullet.
The sling bullet hits the polar bear but does no damage.
The polar bear is almost dead.
The polar bear bites you!!
* * * LOW HITPOINT WARNING * * *
The polar bear closely misses you.
The polar bear claws you but does no damage.
The rime drake bites you.
* * * LOW HITPOINT WARNING * * *
The polar bear closely misses you. The polar bear claws you.
* * * LOW HITPOINT WARNING * * *
The polar bear misses you.
Unknown command.
Okay, then.
You shoot a sling bullet.
The sling bullet closely misses the polar bear.
You shoot a sling bullet. The sling bullet hits the polar bear.
The polar bear is almost dead.
The polar bear barely misses you. The polar bear closely misses you.
The polar bear completely misses you.
Unknown command.
You shoot a sling bullet.
The sling bullet hits the polar bear but does no damage.
The polar bear is almost dead.
You shoot a sling bullet.
The sling bullet barely misses the polar bear.
The rime drake bites you.
You die...

#.......##
###.......#
##........##
#.......#.#
##......###
##......P#
#........#
#.......##
##@.....#
#.hk....#
#........#
#.......^#
.#......#.
...........
.......#...
........##.#
.... ...#


You could see a polar bear (berserk) and a rime drake (catching breath).

Vanquished Creatures
  A tentacled starspawn (Abyss:2)
  Erolcha (D:9)
  4 two-headed ogres (D:10)
  A large abomination (Abyss:2)
  Maurice (D:9)
  A black mamba (Lair:1)
  3 cane toads (Lair:1)
  Jeremiah (D:8)
  An unseen horror (D:10)
  2 komodo dragons (Lair:1)
  Prince Ribbit (D:7)
  3 blink frogs (Lair:1)
  Sigmund (D:5)
  A shadow (D:10)
  2 wyverns
  23 yaks
  A wraith (D:10)
  A steam dragon (D:8)
  Grum (D:8)
  Edmund (D:5)
  2 small abominations (Abyss:2)
  4 water moccasins
  Duvessa (D:5)
  2 black bears
  3 orc warriors
  2 ice beasts
  An ogre (D:5)
  10 wolves
  A centaur (D:7)
  A phantom (D:6)
  Blork the orc (D:5)
  2 weeping skulls (Abyss:2)
  2 kobold brigands (D:8)
  5 bullfrogs
  A scorpion (D:5)
  4 wights (D:8)
  Dowan (D:4)
  4 howler monkeys
  A bombardier beetle (D:7)
  3 hounds
  A quasit (Abyss:2)
  A jelly (D:7)
  5 orc priests
  A gnoll bouda (D:9)
  3 iguanas
  4 sleepcaps
  Terence (D:3)
  10 orc wizards
  Robin (D:3)
  12 gnolls
  6 adders
  A shadow imp (D:5)
  2 white imps
  2 ufetubi (D:5)
  A dart slug (D:1)
  2 ribbon worms
  30 orcs
  12 ball pythons
  7 endoplasms
  4 giant cockroaches
  12 goblins
  10 hobgoblins
  2 quokkas
  6 bats
  2 frilled lizards (D:1)
  12 kobolds
  8 rats
  A starspawn tentacle (Abyss:2)
261 creatures vanquished.

Vanquished Creatures (collateral kills)
  2 yaks (D:9)
  A jelly (Abyss:2)
3 creatures vanquished.

Vanquished Creatures (others)
  A fenstrider witch skeleton (Abyss:2)
  A hornet (D:9)
  2 starspawn tentacles (Abyss:2)
4 creatures vanquished.

Grand Total: 268 creatures vanquished

Notes
Turn   | Place    | Note
-------+----------+-------------------------------------------
     0 | D:1      | Midn8 the Coglin Hunter began the quest for the Orb.
     0 | D:1      | Reached XP level 1. HP: 16/16 MP: 1/1
   109 | D:1      | Found a faded altar of an unknown god.
   120 | D:1      | Prayed at the altar of an unknown god.
   120 | D:1      | Became a worshipper of Zin the Law-Giver
   120 | D:1      | Reached * piety under Zin
   199 | D:1      | Reached skill level 4 in Ranged Weapons
   199 | D:1      | Reached XP level 2. HP: 22/22 MP: 2/2
   216 | D:1      | You fall into a shaft and drop 1 floor!
   363 | D:1      | Reached ** piety under Zin
   502 | D:1      | Reached XP level 3. HP: 26/27 MP: 3/3
   672 | D:2      | Found Vaacad's General Store.
  1154 | D:2      | Reached skill level 5 in Ranged Weapons
  1165 | D:2      | Reached XP level 4. HP: 33/33 MP: 4/4
  1349 | D:3      | Reached *** piety under Zin
  1419 | D:3      | Reached XP level 5. HP: 38/38 MP: 5/5
  1461 | D:3      | Noticed Terence
  1468 | D:3      | Killed Terence
  1469 | D:3      | Reached skill level 6 in Ranged Weapons
  1678 | D:3      | Noticed Robin
  1682 | D:3      | Killed Robin
  2030 | D:4      | Reached XP level 6. HP: 27/47 MP: 6/6
  2346 | D:4      | Identified the +0 leather armour of Sipeall {rN+ Regen+
                  | rCorr}
  2436 | D:4      | Noticed an ice beast
  2501 | D:4      | Reached **** piety under Zin
  2655 | D:5      | Entered Level 5 of the Dungeon
  2655 | D:5      | Noticed Duvessa
  2663 | D:5      | Noticed Dowan
  2665 | D:5      | Killed Duvessa
  2672 | D:4      | Killed Dowan
  2673 | D:4      | Reached skill level 7 in Ranged Weapons
  2673 | D:4      | Reached XP level 7. HP: 48/52 MP: 7/7
  3000 | D:5      | Noticed Sigmund
  3009 | D:5      | Killed Sigmund
  3010 | D:5      | Reached skill level 8 in Ranged Weapons
  3091 | D:5      | Noticed Blork the orc
  3102 | D:5      | Killed Blork the orc
  3103 | D:5      | Reached XP level 8. HP: 43/58 MP: 8/10
  3193 | D:5      | Noticed Edmund
  3208 | D:5      | Killed Edmund
  3372 | D:5      | Noticed a wyvern
  3378 | D:5      | Killed a wyvern
  3462 | D:5      | Found an ornate altar of the Wu Jian Council.
  3472 | D:5      | Found a sacrificial altar of Ru.
  3472 | D:5      | Found an ancient bone altar of Kikubaaqudgha.
  3473 | D:5      | Found a shadowy altar of Dithmenos.
  3652 | D:6      | Reached skill level 5 in Fighting
  4115 | D:6      | Reached XP level 9. HP: 52/68 MP: 12/12
  4256 | D:6      | Reached skill level 9 in Ranged Weapons
  4835 | D:7      | Reached ***** piety under Zin
  4870 | D:7      | Noticed Prince Ribbit
  4880 | D:7      | Reached skill level 10 in Ranged Weapons
  4888 | D:7      | Killed Prince Ribbit
  4993 | D:7      | Found a staircase to the Ecumenical Temple.
  5000 | Temple   | Entered the Ecumenical Temple
  5950 | D:8      | Noticed a death yak
  5951 | D:8      | Noticed a death yak
  5952 | D:8      | Noticed a cane toad
  5954 | D:8      | Noticed Jeremiah
  5955 | D:8      | Noticed Erica
  6116 | D:8      | Found a staircase to the Lair.
  6171 | D:8      | Reached XP level 10. HP: 63/79 MP: 13/13
  6345 | D:8      | Killed Jeremiah
  6346 | D:8      | Reached skill level 5 in Dodging
  6511 | D:9      | Noticed Erolcha
  6525 | Abyss:2  | Cast into level 2 of the Abyss (Erolcha)
  6565 | Abyss:2  | Noticed a wretched star
  6580 | Abyss:2  | Noticed a starcursed mass
  6626 | Abyss:2  | Noticed a large abomination
  6629 | Abyss:2  | Noticed a large abomination
  6644 | Abyss:2  | Noticed a bone dragon
  6645 | Abyss:2  | Killed a large abomination
  6696 | Abyss:2  | Noticed a cyan very ugly thing
  6713 | Abyss:2  | Reached skill level 5 in Invocations
  6729 | Abyss:2  | Noticed a thrashing horror
  6742 | Abyss:2  | Noticed a tentacled starspawn
  6750 | Abyss:2  | Killed a tentacled starspawn
  6753 | D:9      | Escaped the Abyss
  6763 | D:9      | Killed Erolcha
  6882 | D:9      | Noticed Grum
  6894 | D:8      | Killed Grum
  6941 | D:8      | Reached XP level 11. HP: 42/84 MP: 16/16
  7354 | D:9      | Reached skill level 11 in Ranged Weapons
  7436 | D:9      | Noticed Maurice
  7447 | D:9      | Killed Maurice
  7561 | D:9      | Found a glowing silver altar of Zin.
  7561 | D:9      | Found a glowing golden altar of the Shining One.
  8091 | D:9      | Reached skill level 12 in Ranged Weapons
  8482 | D:10     | Entered Level 10 of the Dungeon
  8484 | D:10     | Noticed a two-headed ogre
  8495 | D:10     | Killed a two-headed ogre
  9199 | D:10     | Found a staircase to the Orcish Mines.
  9218 | D:10     | Noticed a two-headed ogre
  9224 | D:10     | Noticed a two-headed ogre
  9230 | D:10     | Killed a two-headed ogre
  9244 | D:10     | Killed a two-headed ogre
  9413 | D:10     | Noticed a two-headed ogre
  9424 | D:10     | Killed a two-headed ogre
  9425 | D:10     | Reached XP level 12. HP: 63/95 MP: 17/17
  9809 | D:10     | Found a runed translucent door.
  9810 | D:10     | Noticed abessonov's ghost (journeyman SpSh)
  9927 | Lair:1   | Entered Level 1 of the Lair of Beasts
 10091 | Lair:1   | Reached skill level 13 in Ranged Weapons
 10550 | Lair:1   | HP: 3/95 [polar bear (5)]
 10552 | Lair:1   | Slain by a rime drake

Illustrated notes

Levels and vault maps discovered:
D:1:      wander_arrival_lonely_grave, layout_loops_ring,
          hellmonk_ecumenical_altar_blasted, minmay_unequal
D:2:      layout_basic, serial_shops, nicolae_shop_pleasant_corner_grove
D:3:      layout_rooms, uniq_terence, uniq_robin
D:4:      layout_rooms
D:5:      layout_loops_ring, grunt_temple_overflow_open, uniq_sigmund,
          uniq_duvessa, uniq_edmund, uniq_blork_the_orc
D:6:      layout_loops_corners
D:7:      layout_cave_pools, temple_green, uniq_prince_ribbit1
D:8:      layout_basic, dpeg_lair_monsters, uniq_erica, uniq_jeremiah
D:9:      layout_cave_pools, amethyst_overflow_temple_binary, uniq_maurice,
          uniq_grum, uniq_erolcha
D:10:     layout_loops_ring, orc_0_dummy, ebering_ghost_inner_flame
Temple:   nicolae_temple_slightly_damp_pantheon
Lair:1:   layout_hall_layers, grunt_megastairs_2

Skill      XL: |  1  2  3  4  5  6  7  8  9 10 11 12 |
---------------+-------------------------------------+-----
Ranged Weapons | 4 5 6 7 8 10 12 13 | 13.7
Fighting       | 3 5 7 9 |  9.0
Invocations    | 2 4 7 |  7.0
Dodging        | 4 5 7 |  7.0
Stealth        | |  0.7

Action                     |  1- 3 |  4- 6 |  7- 9 | 10-12 || total
---------------------------+-------+-------+-------+-------++-------
  Melee: Sling             |       |       |     4 |       ||     4
   Fire: Sling             |   134 |   306 |   656 |  1056 ||  2152
 Invoke: Recite            |       |     1 |    10 |    13 ||    24
         Imprison          |       |       |       |     1 ||     1
  Evoke: Wand              |       |       |     1 |     9 ||    10
    Use: Scroll            |       |     1 |     8 |     7 ||    16
         Potion            |       |       |       |     4 ||     4
 Armour: Leather armour    |    15 |    28 |   109 |   208 ||   360
  Dodge: Dodged            |    15 |    19 |    63 |   228 ||   325

Table legend: (Time is in decaauts)
 A = Elapsed time spent in this place.
 B = Non-inter-level travel time spent in this place.
 C = Inter-level travel time spent in this place.
 D = Time resting spent in this place.
 E = Time spent auto-exploring this place.
 F = Levels seen in this place.
 G = Mean time per level.
                   A        B        C        D        E       F      G
               +--------+--------+--------+--------+--------+-----+--------+
         Total |  10537 |  10127 |    410 |   2971 |   5103 |  13 |  810.5 |
       Dungeon |   9717 |   9308 |    409 |   2763 |   4879 |  10 |  971.7 |
        Temple |      1 |      1 |      0 |      0 |      0 |   1 |    1.0 |
          Lair |    593 |    593 |      0 |    208 |    224 |   1 |  593.0 |
         Abyss |    225 |    225 |      0 |      0 |      0 |   1 |  225.0 |
               +--------+--------+--------+--------+--------+-----+--------+

Top non-repeatable levels by time:
     D:8: 1591 daAuts
    D:10: 1423 daAuts
     D:6: 1149 daAuts
     D:7: 1024 daAuts
     D:9: 936 daAuts
     D:5: 825 daAuts
     D:2: 775 daAuts
     D:3: 718 daAuts
     D:4: 698 daAuts
  Lair:1: 593 daAuts
     D:1: 574 daAuts
 Abyss:2: 225 daAuts
  Temple: 1 daAuts
